[Event "World Women Teams Championship"]
[Site "Sitges, Spain"]
[Date "2021.09.28"]
[Round "3.8"]
[White "Garcia Martin, Marta"]
[Black "Alexieva, Silvia"]
[Result "1-0"]
[TimeControl "40+10"]
[WhiteElo "2097"]
[BlackElo "2277"]

1. e4 c5 2. Nc3 Nc6 3. Bb5 Nd4 4. Nf3 e6 5. O-O a6 6. Bd3 Ne7 7. Nxd4 cxd4 8. Ne2 Qb6 9. c3 Nc6 10.
Qa4 dxc3 11. dxc3 Bc5 12. b4 Be7 13. Bf4 f6 14. Be3 Qc7 15. f4 b6 16. Rad1 Bb7 17. Qb3 Nd8 18. Rd2 Rc8 19.
Rfd1 Nf7 20. c4 O-O 21. Nc3 b5 22. c5 Bc6 23. a4 Qb7 24. axb5 axb5 25. Ra1 Ra8 26. Rda2 Rxa2 27.
Qxa2 Rb8 28. Qa6 Qxa6 29. Rxa6 Bd8 30. Ne2 e5 31. f5 Kf8 32. Nc3 Bb7 33. Ra7 Bc6 34. Kf2 Ke8 35. g4 Be7 36.
Ra6 Bd8 37. Ke2 h6 38. h4 Bb7 39. Ra7 Bc6 40. Nd5 Rc8 41. Bc2 Rb8 42. Bb3 Rb7 43. Rxb7 Bxb7 44. Bc2 d6 45.
Bd3 Bc6 46. Nc3 dxc5 47. Bxc5 Be7 48. Bxb5 Bxb5+ 49. Nxb5 Bxc5
50. bxc5 Kd7 51. Kd3 Nd8 52. Kc4 Nc6 53. Nc3 Kc7 54. Nd5+ Kd7 55. Nb6+ Ke7 56.
Nd5+ Kd7 57. Nc3 Ke7 58. Kb5 Kd7 59.
Kb6 Nd4 60. Kb7 Nc6 61. Kb6 Nd4 62. Nb5 Nc6 63. Nd6 Nd4 64. Nc4 Nc6 65. Na5 Ne7 66. c6+ Kd6 67. Nc4 Kd5 1-0

[Event "World Women Teams Championship"]
[Site "Sitges, Spain"]
[Date "2021.09.28"]
[Round "3.9"]
[White "Harika, Dronavalli"]
[Black "Danielian, Elina"]
[Result "1/2-1/2"]
[TimeControl "40+10"]
[WhiteElo "2450"]
[BlackElo "2358"]

1. e4 e6 2. d4 d5 3. e5 c5 4. c3 Nc6 5. Nf3 Bd7 6. Be2 Rc8 7. O-O Nh6 8. dxc5 Bxc5 9. Bxh6 gxh6 10. Qd2 Bf8 11. c4 Bg7 12. cxd5 Nxe5 13. Nxe5 Bxe5 14.
Nc3 Qg5 15. f4 Bxc3 16. Qxc3 Rxc3 17. fxg5 Rc2 18. Bh5 O-O 19. gxh6 exd5 20. Rf2 Rxf2 21. Kxf2 Rc8 22. Rd1 Be6 23. Ke3 Kf8 24. Bf3 Rc5 25. b4 Rc2 26.
Rd2 Rc3+ 27. Rd3 Rc2 28. Rd2 Rc3+ 29. Rd3 Rc2 30. Rd2 Rc3+ 31. Rd3 1/2-1/2

[Event "World Women Teams Championship"]
[Site "Sitges, Spain"]
[Date "2021.09.28"]
[Round "3.10"]
[White "Mkrtchian, Lilit"]
[Black "Vaishali, R"]
[Result "1-0"]
[TimeControl "40+10"]
[WhiteElo "2306"]
[BlackElo "2149"]

1. c4 e5 2. Nc3 Nc6 3. Nf3 f5 4. g3 Nf6 5. Bg2 Bb4 6. Nd5 e4 7. Nh4 d6 8. Bh3 g5 9. Qa4 gxh4 10.
Nxb4 Bd7 11. Nxc6 Bxc6 12. Qa5 Qe7 13. Bxf5 Rg8 14. Qc3 d5 15. b3 Rg5 16. Bh3 Rd8 17. cxd5 Rgxd5 18. Bb2 Kf7 19.
Rd1 Bb5 20. Qe3 Bd7 21. Bg2 h3 22. Bf1 Bf5 23. Qh6 e3 24. fxe3 R8d6 25. Bxh3 Qe4 26. O-O c6 27. d3 Qe6 28.
Bxf5 Rxf5 29. Rxf5 Qxf5 30. Rf1 1-0

[Event "World Women Teams Championship"]
[Site "Sitges, Spain"]
[Date "2021.09.28"]
[Round "3.11"]
[White "Tania, Sachdev"]
[Black "Sargsyan, Anna M."]
[Result "1-0"]
[TimeControl "40+10"]
[WhiteElo "2339"]
[BlackElo "2283"]

1. d4 Nf6 2. c4 g6 3. f3 d5 4. cxd5 Nxd5 5. e4 Nb6 6. Nc3 Bg7 7. Be3 O-O 8. Qd2 Nc6 9. O-O-O e5 10.
d5 Nd4 11. f4 c5 12. fxe5 Bg4 13. Re1 Bxe5 14. h3 Qh4 15. Bd3 Bd7 16. Nf3 Nxf3 17. gxf3 Qe7 18. f4 Bg7 19. Kb1 Na4 20.
Nxa4 Bxa4 21. e5 Rac8 22. Rc1 b6 23.
h4 Qb7 24. Be4 f6 25. h5 fxe5 26. hxg6 exf4 27. Bxf4 Qe7 28. Rc4 Bd7 29. Qh2 Rxf4 30. Qxf4 Rf8 31. Qh4 Qxh4 32. gxh7+ Kh8 33.
Rxh4 Bd4 34. a3 Bb5 35. Rc2 Ba4 36. Rg2 Bg7 37. Rh1 Rf7 38. d6 Rd7 39. Bf5 Rxd6 40. Rxg7 1-0

[Event "World Women Teams Championship"]
[Site "Sitges, Spain"]
[Date "2021.09.28"]
[Round "3.12"]
[White "Gaboyan, Susanna"]
[Black "Kulkarni, Bhakti"]
[Result "0-1"]
[TimeControl "40+10"]
[WhiteElo "2083"]
[BlackElo "2325"]

1. Nf3 Nf6 2. g3 d5 3. Bg2 Bf5 4. O-O c6 5. d3 h6 6. Nbd2 e6 7. Qe1 Be7 8. e4 dxe4 9. dxe4 Bh7 10.
Qe2 O-O 11. Rd1 Qc7 12. Nd4 Nbd7 13. a4 Rfd8 14. Nc4 Bf8 15. e5 Nd5 16. c3 Nc5 17. Qg4 Kh8 18. Bf4 Nd3 19. Rd2 g5 20.
Rad1 N3xf4 21. gxf4 Nxf4 22. h4 Nxg2 23. Kxg2 gxh4 24. Qxh4 Qe7 25. Qxe7 Bxe7 26. Na5 Rab8 27. Nf3 Be4 28.
Rxd8+ Bxd8 29. Nxb7 Bc7 30. Nd6 0-1

[ePGN "0.1;DGT LiveChess/2.2.5"]

[Event "World Women Teams  Championship"]
[Site "Sitges, Spain"]
[Date "2021.09.28"]
[Round "3.1"]
[White "Muzychuk, Anna"]
[Black "Zawadzka, Jolanta"]
[Result "0-1"]
[TimeControl "40+10"]
[WhiteElo "2537"]
[BlackElo "2313"]

1. e4 c5 2. Nf3 Nc6 3. Bb5 e6 4. O-O Nge7 5. Re1 a6 6. Bf1 d5 7. exd5 Nxd5 8. d4 Nf6 9. Be3 cxd4 10.
Nxd4 Bd7 11. c4 Be7 12. Nc3 Qc7 13. h3 O-O 14. a3 Na5 15. c5 e5 16. Nf3 Be6 17. b4 Nb3 18. Rb1 Rad8 19.
Nd2 Nd4 20. Qc1 Nd5 21. Nxd5 Bxd5 22. Nc4 Rfe8 23. Qb2 Bxc4 24. Bxc4 Bf6 25. Rbd1 g6 26. Qc1 Qc6 27. Rd3 Qc8 28.
Kh1 e4 29. Rd2 Nf3 30. Rxd8 Rxd8 31. Rd1 Ne5 32. Rxd8+ Qxd8 33. Ba2 Qd3 34. Bb1 Qd5 35. Qc2 Nc4 36. Qxe4 Qd1+ 37. Kh2 Nxe3 38. fxe3 Kg7 39. Ba2 Qa1 40. Qb1 Be5+ 41. g3 Qc3 42. Qb3 0-1

[Event "World Women Teams  Championship"]
[Site "Sitges, Spain"]
[Date "2021.09.28"]
[Round "3.3"]
[White "Osmak, Iulija"]
[Black "Kulon, Klaudia"]
[Result "1/2-1/2"]
[TimeControl "40+10"]
[WhiteElo "2302"]
[BlackElo "2234"]

1. d4 Nf6 2. c4 g6 3. g3 Bg7 4. Bg2 O-O 5. Nf3 d6 6. O-O Nc6 7. Nc3 e5 8. dxe5 Nxe5 9. Nxe5 dxe5 10.
Qxd8 Rxd8 11. Bg5 Rd4 12. Be3 Rd7 13. Nb5 Ng4 14. Bc5 Bf8 15. Bxf8 Kxf8 16. Rfd1 Rxd1+ 17. Rxd1 c6 18. Nd6 Nf6 19.
c5 Rb8 20. Nc4 e4 21. Rd8+ Ke7 22. Rh8 Ne8 23. Bxe4 Be6 24. Bd3 Rd8 25. Rxh7 Nf6 26. Rh4 g5 27. Rh6 Rd5 28. Rh8 Rxc5 29.
b3 b5 30. Ne3 Rc1+ 31. Kg2 Ra1 32.
Nc2 Rxa2 33. Nb4 Rb2 34. Nxc6+ Kd6 35. Nxa7 Bd5+ 36. f3 g4 37. Nxb5+ Ke5 38. Kf1 gxf3 39. Nc3 Bb7 40. Rf8 Rxb3 41.
Rxf7 Bc6 42. Nd1 Ng4 43. h3 Nf6 44. Re7+ Kd6 45. Re3 Nh5 46. exf3 Nxg3+ 47. Kg2 Nh5 48. Bc4 Rb1 49. Nc3 Rb2+ 50. Be2 Bd7 51. h4 Nf4+ 52. Kg3 Nh5+ 53. Kf2 Bf5 54. Ne4+ Kd7 55. Ng3 Ng7 56.
h5 Bh7 57. f4 Ne6 58. f5 Ng5 59. Re5 Kd6 60. Re8 Kd7 61. Ra8 Kd6 62. Ra7 Ke5 63. Rg7 Kf6 64. h6 Rb4 65. Bd3 Rh4 66.
Ra7 Rxh6 67. Ra6+ Kg7 68. f6+ Rxf6+ 69. Rxf6 Kxf6 70. Bxh7 Nxh7 1/2-1/2

[Event "World Women Teams  Championship"]
[Site "Sitges, Spain"]
[Date "2021.09.28"]
[Round "3.4"]
[White "Antolak, Julia"]
[Black "Buksa, Nataliya"]
[Result "0-1"]
[TimeControl "40+10"]
[WhiteElo "2052"]
[BlackElo "2184"]

1. e4 c5 2. Nf3 Nc6 3. d4 cxd4 4. Nxd4 Nf6 5. Nc3 e5 6. Ndb5 d6 7. a4 a6 8. Na3 Bg4 9. Be2 Bxe2 10. Qxe2 d5 11. exd5 Nxd5 12. Nxd5 Qxd5 13. O-O Bc5 14. Be3 Bxe3 15. Qxe3 O-O 16. Rfd1 Qe6 17. h3 Rae8 18. Qb6 Re7 19. c3 e4 20.
Qc5 Rd7 21. Qc4 Qxc4 22. Nxc4 Rfd8 23. Rxd7 Rxd7 24. Kf1 f5 25.
g3 Kf7 26. Ke2 Ke6 27. h4 g6 28. Rd1 Rxd1 29. Kxd1 h6 30. b4 g5 31. hxg5 hxg5 32. Ke2 Ne5 33. Na5 b6 34.
Nb3 Nc4 35. Nd4+ Ke5 36. Nc6+ Kd5 37. Nd4 f4 38. gxf4 gxf4 39. Nb3 a5 40. f3 Nb2 41. bxa5 bxa5 42. Nxa5 e3 43. Nb3 Nxa4 44. Nc1 Kc4 45.
Ke1 Nxc3 46. Kf1 Kd4 47. Ke1 Kc4 48. Kf1 Nd5 49. Ke2 Nb4 50. Kd1 Kd4 51. Ne2+ Ke5 52. Nc1 Nc6 53. Nd3+ Kf5 54. Ne1 Nd4 55. Kc1 Kg5 56.
Kb2 Nxf3 57. Nxf3+ Kg4 58. Ne5+ Kg3 59. Kc2 f3 60. Nc4 Kf2 61. Ne5 e2 62. Nd3 Ke3 63. Ne1 f2 0-1

[Event "World Women Teams  Championship"]
[Site "Sitges, Spain"]
[Date "2021.09.28"]
[Round "3.5"]
[White "Abdumalik, Zhansaya"]
[Black "Cori T., Deysi"]
[Result "1/2-1/2"]
[TimeControl "40+10"]
[WhiteElo "2444"]
[BlackElo "2340"]

1. e4 d5 2. exd5 Qxd5 3. Nc3 Qd6 4. d4 g6 5. Nf3 Bg7 6. g3 Bg4 7. h3 Bxf3 8. Qxf3 Nc6 9. Nb5 Qd7 10.
d5 Ne5 11. Qb3 a6 12. Na3 b5 13. f4 Nc4 14. Nxc4 bxc4 15. Qxc4 Nf6 16. Bg2 O-O 17. O-O Ne8 18. c3 Nd6 19.
Qe2 h5 20. Kh2 Rfe8 21. Be3 Rab8 22. Ba7 Rb5 23. a4 Rb3 24. Qc2 Rb7 25. Bc5 Rbb8 26. Rae1 Nf5 27. b4 e5 28. dxe6 Rxe6 29.
Rxe6 Qxe6 30. Qd3 Qb3 31. a5 Qxc3 32. Qxc3 Bxc3 33. Rb1 Bd4 34. Bxd4 Nxd4 35. Be4 Kf8 36. Bd3 Nc6 37. Bxa6 Nxa5 38.
Bd3 Nc6 39. b5 Nd4 40. Kg2 Rb6 41. Rb4 Rd6 42. Kf2 Ke7 43. g4 hxg4 44. hxg4 Ne6 45. Ke3 Nc5 46. Be2 Re6+ 47.
Kf3 Rb6 48. Rd4 Ne6 49. Re4 Kd6 50.
Bc4 Kc5 51. Ke3 Rd6 52. Bd3 Kb6 53. Be2 Nc5 54. Re7 Re6+ 55. Rxe6+ Nxe6 56. Ke4 f5+ 57. gxf5 gxf5+ 58. Ke5 Nxf4 59. Kxf4 1/2-1/2

[Event "World Women Teams  Championship"]
[Site "Sitges, Spain"]
[Date "2021.09.28"]
[Round "3.8"]
[White "Perez Rodriguez, Jennifer"]
[Black "Dauletova, Gulmira"]
[Result "0-1"]
[TimeControl "40+10"]
[WhiteElo "2150"]
[BlackElo "2184"]

1. e4 c5 2. Nf3 e6 3. c3 Nf6 4. e5 Nd5 5. d4 cxd4 6. cxd4 d6 7. a3 Bd7 8. Bd3 Bc6 9. O-O Nd7 10.
b4 a6 11. Bb2 Nf4 12. Re1 Nb6 13. Bf1 Be7 14. Nc3 O-O 15. Bc1 Nfd5 16. Nxd5 Bxd5 17. Be3 Rc8 18. Rc1 Rxc1 19. Qxc1 Qd7 20.
Bf4 Rc8 21. Qe3 Nc4 22. Bxc4 Rxc4 23. Nd2 Rc2 24. Ne4 dxe5 25. dxe5 Qc6 26. f3 Bd8 27. Qd3 Bb6+ 28. Be3 Bxe4 29.
fxe4 Rc3 30. Qd2 Rxa3 31. Bxb6 Qxb6+ 32. Kh1 h6 33. Rf1 Qc7 34. Qd4 Rc3 35.
h3 Rc4 36. Qd6 Qc8 37. Qe7 Rc7 38. Qd6 Rd7 39. Qb6 Qc4 40. Re1 Qc3 41. Re3 Qxe5 42. Re2 Rd1+ 0-1

[Event "World Women Teams  Championship"]
[Site "Sitges, Spain"]
[Date "2021.09.28"]
[Round "3.9"]
[White "Paehtz, Elisabeth"]
[Black "Dzagnidze, Nana"]
[Result "0-1"]
[TimeControl "40+10"]
[WhiteElo "2371"]
[BlackElo "2455"]

1. d4 Nf6 2. c4 e6 3. g3 d5 4. Bg2 Nbd7 5. Nf3 Bb4+ 6. Nbd2 O-O 7. O-O Bd6 8.
Qc2 c5 9. e4 cxd4 10. Nxd4 Qb6 11. Nb5 d4 12. Nb3 e5 13. Bd2 Bb8 14. Bb4 Re8 15.
a4 a6 16. c5 Qe6 17. Na3 Bc7 18. Rac1 Nb8 19. Ba5 Qe7 20. Bxc7 Qxc7 21. Nc4 Nc6
22. Nb6 Rb8 23. Nd2 Be6 24. Nf3 Rbd8 25. Qd3 Nb4 26. Qd2 Na2 27. Ng5 Nxc1 28.
Rxc1 d3 29. Nxe6 fxe6 0-1

[Event "World Women Teams  Championship"]
[Site "Sitges, Spain"]
[Date "2021.09.28"]
[Round "3.10"]
[White "Batsiashvili, Nino"]
[Black "Heinemann, Josefine"]
[Result "1-0"]
[TimeControl "40+10"]
[WhiteElo "2371"]
[BlackElo "2177"]

1. d4 Nf6 2. c4 e6 3. Nc3 Bb4 4. e3 O-O 5. Bd2 d5 6. Nf3 b6 7. cxd5 exd5 8. Bd3 Bd6 9. Ne5 Bb7 10. f4 c5 11. Qf3 Nc6 12. Qh3 g6 13. Ne2 Ne4 14. Bc3 Nxc3 15. bxc3 cxd4 16. exd4 Re8 17. O-O Qe7 18. Rf3 Rac8 19. Raf1 Qc7 20. Ng3 Bf8 21. Nh5 Bg7 22. Rg3 Nxe5 23. fxe5 Qxc3 24. Nxg7 Qxd4+ 25. Kh1 Rxe5 26. Nf5 Qb2 27. Nh6+ Kg7 28. Rxf7+ Kh8 29. Rxh7+ Kxh7 30. Nf5+ 1-0

[Event "World Women Teams  Championship"]
[Site "Sitges, Spain"]
[Date "2021.09.28"]
[Round "3.11"]
[White "Schneider, Jana"]
[Black "Arabidze, Meri"]
[Result "1/2-1/2"]
[TimeControl "40+10"]
[WhiteElo "2138"]
[BlackElo "2434"]

1. d4 Nf6 2. c4 g6 3. g3 Bg7 4. Bg2 d6 5. Nf3 O-O 6. Nc3 c6 7. e4 e5 8. O-O Nbd7 9. h3 Re8 10.
Re1 a5 11. b3 exd4 12. Nxd4 Nc5 13. Bb2 a4 14. Rb1 axb3 15. axb3 Qb6 16. Ba1 Nfd7 17. Nde2 Qb4 18. Qc2 Ra3 19.
Na2 Qa5 20. Bxg7 Rxa2 21. Bb2 Rxb2 22. Qxb2 Nd3 23. Qc3 Qxc3 24. Nxc3 Nxe1 25. Rxe1 Nc5 26. Rb1 f5 27. Rd1 Nxb3 28.
Rxd6 Be6 29. exf5 Bxf5 30. g4 Re1+ 31. Kh2 Be6 32. Ne4 Kf7 33. Rd8 Ke7 34. Rh8 Bxc4 35. Rxh7+ Ke6 36. Rxb7 Ke5 37.
Ng5 Kf4 38. Nf3 Bd5 39. Nxe1 1/2-1/2

[Event "World Women Teams  Championship"]
[Site "Sitges, Spain"]
[Date "2021.09.28"]
[Round "3.12"]
[White "Javakhishvili, Lela"]
[Black "Lubbe, Melanie"]
[Result "1-0"]
[TimeControl "40+10"]
[WhiteElo "2364"]
[BlackElo "2300"]

1. e4 e5 2. Nf3 Nc6 3. Bb5 a6 4. Ba4 Nf6 5. O-O b5 6. Bb3 Bc5 7. a4 Rb8 8. c3
d6 9. d4 Bb6 10. a5 Ba7 11. h3 O-O 12. Be3 exd4 13. cxd4 Nb4 14. Nc3 Bb7 15. Ng5 1-0

[ePGN "0.1;DGT LiveChess/2.2.5"]

[Event "World Women Teams Championship"]
[Site "Sitges, Spain"]
[Date "2021.09.28"]
[Round "4.1"]
[White "Goryachkina, Aleksandra"]
[Black "Harika, Dronavalli"]
[Result "1/2-1/2"]
[TimeControl "40+10"]
[WhiteElo "2520"]
[BlackElo "2450"]

1. d4 d5 2. c4 e6 3. Nf3 Nf6 4. Nc3 c6 5. e3 Nbd7 6. Qc2 Bd6 7. b3 b6 8. Be2 Bb7 9. O-O O-O 10.
Bb2 Qe7 11. Rfe1 Rfe8 12. e4 Nxe4 13. Nxe4 dxe4 14. Qxe4 Rad8 15. Bd3 Nf8 16. Qg4 f6 17. h4 Qf7 18. h5 c5 19. d5 exd5 20.
cxd5 Bc8 21. Qh4 h6 22. Bc4 Kh8 23. Nh2 Bd7 24. Ng4 Nh7 25. a4 Rxe1+ 26. Rxe1 Re8 27. Ne3 f5 28. f3 Be7 29. Qh2 Bf6 30.
Bxf6 Nxf6 31. d6 Qf8 32. Kf1 Bc8 33. Bb5 Bd7 34. Bxd7 Nxd7 35. Qf4 Re5 36. Nc4 Rxe1+ 37. Kxe1 Qf7 38. Qe3 Kg8 39. Kf2 Qxh5 40.
Qe7 Qf7 41. Qd8+ Nf8 42. Qc7 Qd5 43. Qe7 Qd4+ 44. Ke2 Qg1 45. Ne5 Qxg2+ 46. Kd1 Qf1+ 47. Kc2 Qe2+ 48. Kc1 Qe1+ 49. Kc2 Qe2+ 50. Kc1 Qe1+ 51. Kc2 1/2-1/2

[Event "World Women Teams Championship"]
[Site "Sitges, Spain"]
[Date "2021.09.28"]
[Round "4.2"]
[White "Vaishali, R"]
[Black "Kosteniuk, Alexandra"]
[Result "0-1"]
[TimeControl "40+10"]
[WhiteElo "2149"]
[BlackElo "2517"]

1. e4 e5 2. Nf3 Nc6 3. Bb5 a6 4. Ba4 Nf6 5. O-O b5 6. Bb3 Bc5 7. c3 d6 8. d4 Bb6 9. Be3 O-O 10.
Nbd2 h6 11. h3 exd4 12. cxd4 Ne7 13. Re1 Ng6 14. e5 dxe5 15. dxe5 Nd5 16. Bxb6 Nxb6 17. Qc2 Ne7 18. Rad1 Be6 19.
Ne4 Bxb3 20. Qxb3 Qc8 21. Nc5 Qf5 22. Nd4 Qg6 23. e6 Rfe8 24. Rd3 f6 25. Nd7 Qh5 26. Qc2 Nbd5 27. Rg3 Kh8 28.
Qc5 Rac8 29. Re4 Qd1+ 30. Kh2 Qd2 31. Nc6 Nxc6 32. Qxc6 Ne7 33. Qc5 Qd5 34. Qxd5 Nxd5 35. Ra3 Ra8 36.
b4 f5 37. Rd4 c6 38. Nc5 g5 39. Rf3 f4 40. g3 a5 41. a3 axb4 42. axb4 Ra2 43. gxf4 gxf4 44. Re4 Rc2 45. Nb7 Rg8 46. e7 Re8 47.
Nd6 Rxe7 48. Rxe7 Nxe7 49. Rxf4 Nd5 50. Rf7 Kg8 51. Kg3 Nxb4 52. Rb7 Nd5 53. Nf5 h5 54. Nd4 Rc4 55. Ne6 h4+ 56. Kf3 b4 57. Ke2 Re4+ 0-1

[Event "World Women Teams Championship"]
[Site "Sitges, Spain"]
[Date "2021.09.28"]
[Round "4.3"]
[White "Lagno, Kateryna"]
[Black "Tania, Sachdev"]
[Result "1-0"]
[TimeControl "40+10"]
[WhiteElo "2521"]
[BlackElo "2339"]

1. e4 e5 2. Nf3 Nc6 3. Bb5 a6 4.
Ba4 Nf6 5. O-O b5 6. Bb3 Bb7 7. Re1 Bc5 8. c3 d6 9. d4 Bb6 10. a4 h6 11. Be3 Ng4 12. Bd5 O-O 13. Na3 Qd7 14. Qe2 bxa4 15. Nc4 Na5 16.
Nxa5 Bxd5 17. exd5 Bxa5 18. dxe5 Nxe5 19. Nxe5 dxe5 20. Red1 Bb6 21. Bxb6 cxb6 22. Qxe5 Rfe8 23. Qd4 b5 24. d6 Re6 25. Rd2 Rc8 26. Rad1 Rc4 27. Qb6 a3 28. bxa3 Rxc3 29. Qxa6 Kh7 30.
g3 Re4 31. Rd5 Rb3 32. Qb6 Rc4 33. Re5 Qg4 34. Ree1 Qd7 35. Re7 Qg4 36. Ree1 Qd7 37. Re3 Rb2 38. Rf3 Rc6 39. Qd4 Rcc2 40.
Qe4+ Kg8 41. Qe7 1-0

[Event "World Women Teams Championship"]
[Site "Sitges, Spain"]
[Date "2021.09.28"]
[Round "4.4"]
[White "Gomes, Mary Ann"]
[Black "Shuvalova, Polina"]
[Result "1/2-1/2"]
[TimeControl "40+10"]
[WhiteElo "2305"]
[BlackElo "2383"]

1. Nf3 d5 2. g3 Nf6 3. Bg2 e6 4. b3 Be7 5. Bb2 O-O 6. O-O b6 7. c4 Bb7 8. e3 c5 9. Ne5 Nc6 10.
d4 cxd4 11. exd4 Rc8 12. Nc3 dxc4 13. bxc4 Na5 14. Bxb7 Nxb7 15. Nb5 a6 16. Na7 Rc7 17. Nac6 Qd6 18. Qa4 Ra8 19. Rfd1 Bf8 20.
Rac1 Rcc8 21. d5 b5 22. cxb5 Nc5 23. Qd4 exd5 24. Ba3 Nfe4 25. b6 Rxc6 26. Nxc6 Qxc6 27. Qxd5 Qxd5 28. Rxd5 Nb7 29.
Bxf8 Kxf8 30. a4 Ned6 31. Rc7 Re8 32. a5 Re1+ 33. Kg2 Ke8 34. f4 Ra1 35. Re5+ Kf8 36. Ree7 Rxa5 37. Rxb7 Nxb7 38.
Rxb7 Rb5 39. Kf3 a5 40. Ke3 a4 41. Kd3 a3 42. Ra7 Rxb6 43. Rxa3 Rb2 44. h4 h5 45. Ke4 Ke7 1/2-1/2

[Event "World Women Teams Championship"]
[Site "Sitges, Spain"]
[Date "2021.09.28"]
[Round "4.5"]
[White "Matnadze, Ana"]
[Black "Danielian, Elina"]
[Result "1/2-1/2"]
[TimeControl "40+10"]
[WhiteElo "2349"]
[BlackElo "2358"]

1. d4 Nf6 2. Nf3 e6 3. c4 Bb4+ 4. Bd2 Qe7 5. g3 O-O 6. Bg2 a5 7. O-O Bxd2 8. Nbxd2 d6 9. e4 e5 10.
Re1 Bg4 11. h3 Bxf3 12. Nxf3 Nbd7 13. Nh4 g6 14. b3 c5 15. d5 a4 16. Qd2 Rfb8 17. Reb1 Qd8 18. Qg5 Kh8 19. Qe3 axb3 20.
Rxb3 Ra4 21. Bf1 b6 22. a3 Rba8 23. Nf3 Kg7 24. Ne1 Rb4 25. Rbb1 Rxb1 26.
Rxb1 Ra4 27. Nc2 h6 28. Bd3 Qa8 29.
Rb3 Ne8 30. Qc1 Nc7 31. Ne3 Qd8 32. Kg2 Ne8 33. Nd1 Ra5 34. Nc3 Nc7 35. Qb2 h5 36. Be2 Ne8 37. h4 Nef6 38. Qc1 Nh7 39.
Nb5 Qe7 40. Bd1 Ra6 41. Qb1 Ndf6 42. Nc3 Qa7 43. Qc1 Qd7 44. Bc2 Qg4 45. Nd1 Qd7 46. Nc3 Qg4 47. Rb1 Qd7 48. Bd1 Ne8 49.
Rb3 Qe7 50. Qb1 Qa7 51. Qc1 Qe7 52. Rb1 Nhf6 53. Bc2 Qa7 54. Nb5 Qe7 55. Nc3 Qa7 56. Rb3 Qe7 57. Qb2 Nd7 58. Qc1 Ndf6 1/2-1/2

[Event "World Women Teams Championship"]
[Site "Sitges, Spain"]
[Date "2021.09.28"]
[Round "4.6"]
[White "Mkrtchian, Lilit"]
[Black "Vega Gutierrez, Sabrina"]
[Result "1-0"]
[TimeControl "40+10"]
[WhiteElo "2306"]
[BlackElo "2214"]

1. c4 e6 2. g3 d5 3. Bg2 Nf6 4. Nf3 Be7 5. d4 O-O 6. Qc2 c6 7. Nbd2 b6 8. O-O c5 9. cxd5 exd5 10.
e4 Nc6 11. dxc5 Ba6 12. Rd1 Be2 13. Re1 Bxf3 14. Nxf3 dxe4 15. Ng5 Nb4 16. Qb3 Bxc5 17. Nxe4 Nd3 18. Rd1 Nxe4 19. Rxd3 Qf6 20.
Rf3 Bxf2+ 21. Kf1 Qg6 22. Rxf2 Nxf2 23. Bxa8 Rxa8 24. Kxf2 Rc8 25. Be3 Rc2+ 26. Kg1 Qe4 27. Bf2 Qe2 28.
Qe3 Qxe3 29. Bxe3 Rxb2 30. Rd1 h5 31. Rd2 Rb1+ 32. Kg2 f6 33. Kf3 Kh7 34. Rd7 Rb2 35. Rxa7 Rxh2 36. Bxb6 h4 37. gxh4 Rxh4 38. a4 Kh6 39.
Ra8 Rb4 40. a5 1-0

[Event "World Women Teams Championship"]
[Site "Sitges, Spain"]
[Date "2021.09.28"]
[Round "4.7"]
[White "Eizaguerri Floris, Maria"]
[Black "Sargsyan, Anna M."]
[Result "0-1"]
[TimeControl "40+10"]
[WhiteElo "1811"]
[BlackElo "2283"]

1. e4 e5 2. Nf3 Nc6 3. Bb5 a6 4. Ba4 Nf6 5. O-O Nxe4 6. d4 b5 7. Bb3 d5 8. dxe5 Be6 9. Nbd2 Be7 10. c3 O-O 11. Bc2 f5 12. exf6 Nxf6 13. a4 b4 14.
Re1 Bg4 15. h3 Bh5 16. Nf1 Bc5 17. Be3 Bxe3 18. Rxe3 d4 19. cxd4 Bxf3 20. Rxf3 Nxd4 21. Rd3 c5 22. Bb3+ Kh8 23.
Rc1 Qb6 24. Nd2 Rae8 25. Nc4 Qb8 26. Ne3 Ne4 27. Ng4 Nxf2 28. Nxf2 Ne2+ 29. Kh1 Nxc1 30. Qxc1 Rxf2 31. Rd1 Qg3 32.
Bd5 Rfe2 33. Rg1 Re1 0-1

[Event "World Women Teams Championship"]
[Site "Sitges, Spain"]
[Date "2021.09.28"]
[Round "4.8"]
[White "Gaboyan, Susanna"]
[Black "Calzetta Ruiz, Monica"]
[Result "1-0"]
[TimeControl "40+10"]
[WhiteElo "2083"]
[BlackElo "2103"]

1. Nf3 c5 2. g3 g6 3. Bg2 Bg7 4. d4 cxd4 5. Nxd4 Nc6 6. Nb3 d6 7. O-O h5 8. h3 Be6 9. Nc3 Qd7 10.
h4 Bh3 11. Nd5 Bxg2 12. Kxg2 Rc8 13. c3 Nf6 14. Bg5 Nxd5 15. Qxd5 O-O 16. Rad1 Ne5 17. Rd4 Rfe8 18. Rfd1 b6 19.
a4 e6 20. Qe4 d5 21. Qf4 Ng4 22.
R4d2 Qc6 23. f3 Ne5 24. Nd4 Qxa4 25. Nxe6 Qxf4 26. Nxf4 f6 27. Bxf6 Bxf6 28. Nxd5 Bg7 29.
e4 Nc4 30. Re2 b5 31. Ra1 Rc5 32.
Nf4 a5 33. Nxg6 a4 34. Nf4 Kf7 35.
Rd1 Re7 36. Rd8 a3 37. bxa3 Bxc3 38. Nd5 Ra7 39. Nxc3 Rxa3 40. Nd5 Ne5 41. f4 Ng4 42. e5 Ke6 43. Rd6+ Kf7 44. e6+ Ke8 45. e7 Rxd5 46. Rxd5 Ne3+ 47.
Rxe3 Rxe3 48. Rxb5 Kxe7 49. Rxh5 Kf6 50. Kh3 Ra3 51. Kg4 Rb3 52. Rh6+ Kg7 53. Ra6 Rc3 54. h5 Kh7 55. Kh4 1-0

[Event "World Women Teams Championship"]
[Site "Sitges, Spain"]
[Date "2021.09.28"]
[Round "4.9"]
[White "Sebag, Marie"]
[Black "Mammadzada, Gunay"]
[Result "1-0"]
[TimeControl "40+10"]
[WhiteElo "2401"]
[BlackElo "2280"]

1. e4 c5 2. Nf3 d6 3. Bb5+ Bd7 4. c4 Nc6 5. d4 cxd4 6. Nxd4 Rc8 7. Nc3 Nf6 8. O-O g6 9. Bxc6 Bxc6 10. Nxc6 Rxc6 11. Qa4 a6 12. Nd5 Nd7 13. Qb3 Qc8 14. Qc3 f6 15.
b3 Bg7 16. Qg3 e6 17. Nb4 Rb6 18. Bd2 O-O 19. Rad1 Nc5 20. Rfe1 Qe8 21. Nc2 Qe7 22. Ba5 Rc6 23.
Nb4 Rcc8 24. Qxd6 Qf7 25. Bb6 Rfe8 26. Qd2 Bf8 27. Nd3 Nd7 28. Ba5 Nb8 29. Bb6 Nd7 30. Be3 Nb8 31. Qe2 e5 32. Bb6 Nd7 33. Be3 Nb8 34. f3 Qe6 35. Nf2 Bb4 36. Rf1 Nc6 37. Nd3 Bf8 38.
Nc5 Qf7 39. Rd7 Re7 40. Rxe7 Qxe7 41. Rd1 Nd4 42. Bxd4 exd4 43. Nd3 Qc7 44. Qf2 b5 45. c5 b4 46. Rc1 Rd8 47. Qc2 a5 48. Qc4+ Kh8 49. Qe6 Kg7 50.
g3 h5 51. Kg2 a4 52. Qc4 axb3 53. axb3 Ra8 54. Rc2 h4 55. Nf4 Qe5 56. c6 Bd6 57. Qxd4 h3+ 58. Kxh3 Qe7 59. Kg2 Rh8 60. Rd2 Bxf4 61. gxf4 1-0

[Event "World Women Teams Championship"]
[Site "Sitges, Spain"]
[Date "2021.09.28"]
[Round "4.10"]
[White "Benmesbah, Natacha"]
[Black "Fataliyeva, Ulviyya"]
[Result "1-0"]
[TimeControl "40+10"]
[WhiteElo "2193"]
[BlackElo "2310"]

1. e4 c6 2. Nc3 d5 3. Nf3 Bg4 4. h3 Bxf3 5. Qxf3 e6 6.
Be2 Nd7 7. d4 Qf6 8. Qd3 Qg6 9. O-O dxe4 10. Nxe4 O-O-O 11. Bf4 Ndf6 12. Bf3 Nd5 13. Bh2 Ngf6 14. c4 Nxe4 15. Bxe4 f5 16.
Bf3 Nc7 17. Rfd1 Be7 18. Qb3 Bd6 19. Bxd6 Rxd6 20. Qa3 Rhd8 21. Qxa7 Qf6 22. Rd3 Rxd4 23. Rb3 Kd7 24. Rxb7 Rc8 25.
Rb6 Ke7 26. Rxc6 Qe5 27. Qb7 Rdd8 28. Qb4+ Kf6 29. Re1 Qd4 30. Qb7 Qd7 31. Bd5 Rb8 32. Qxc7 Qxc7 33. Rexe6+ 1-0

[Event "World Women Teams Championship"]
[Site "Sitges, Spain"]
[Date "2021.09.28"]
[Round "4.11"]
[White "Mammadova, Gulnar"]
[Black "Navrotescu, Andreea"]
[Result "1/2-1/2"]
[TimeControl "40+10"]
[WhiteElo "2406"]
[BlackElo "2220"]

1. Nf3 d5 2. d4 Nf6 3. Bf4 c5 4. e3 Nc6 5. c3 Qb6 6. Qb3 c4 7. Qc2 Bf5 8. Qc1 h6 9. Nbd2 e6 10.
Be2 Be7 11. h3 Qd8 12. Ne5 Nxe5 13. Bxe5 O-O 14. g4 Bh7 15. Bg3 b5 16. h4 Ne4 17. Nxe4 Bxe4 18. f3 Bh7 19. Kf2 b4 20.
f4 Be4 21. Bf3 Bxf3 22. Kxf3 f5 23. h5 fxg4+ 24. Kxg4 Qd7 25. Kf3 Rf5 26. Qc2 Raf8 27. Kg2 Qe8 28. Qe2 a5 29. Rae1 Qa4 30.
Ra1 Rb8 31. e4 dxe4 32. Qxe4 bxc3 33. Qxe6+ Rf7 34. bxc3 Qc2+ 35. Kh3 Qxc3 36. Rac1 Qf3 37. Qg4 Qd5 38. Qe2 Bd6 39. Rhf1 Rc8 40. Rc3 Rf5 41. Qf3 Rxh5+ 42. Kg2 Qf5 43. Rfc1 Rb8 44. Rxc4 Rb2+ 45. Kg1 Rh3 46. R4c3 h5 47. Qc6 Kh7 48. Bf2 Bxf4 49.
Rxh3 Bxc1 50. Qf3 Qxf3 51. Rxf3 Rxa2 52. Rf5 Kg6 53. Rc5 Bf4 54. d5 a4 55. Ra5 Kf7 56. Ra7+ Kf8 57. Bc5+ Kg8 58. d6 Rd2 59. d7 Bg5 60. Bb6 Kh7 61. Ra5 Bf6 62. Rxh5+ Kg6 63. Ra5 Rxd7 64.
Rxa4 Rd2 65. Be3 Rc2 66. Bf2 Kh5 67. Kg2 Rc3 68. Ra6 Rb3 69. Rc6 Kg6 1/2-1/2